 Dungeon Crawl Stone Soup version 0.30-a0-371-gad7725a93e (webtiles) character file.

Game seed: 841130402259823015

2452 Maxmaps the Thaumaturge (level 9, 0/59 HPs)
             Began as a Djinni Conjurer on Nov 21, 2022.
             Was an Initiate of Makhleb.
             Slain by a killer bee (3 damage)
             ... on level 7 of the Dungeon.
             The game lasted 00:15:10 (6739 turns).

Maxmaps the Thaumaturge (Djinni Conjurer)           Turns: 6739, Time: 00:15:10

Health: 0/59       AC:  6    Str:  6    XL:     9   Next: 79%
Gold:   307        EV: 11    Int: 24    God:    Makhleb [......] SH:  0 Dex: 12

rFire   + + .      SeeInvis .    i - +0 dagger (venom)
rCold   x . .      Faith    .    (no shield)
rNeg    + . .      Spirit   .    n - +1 troll leather armour
rPois   ∞          Reflect  .    (no helmet)
rElec   .          Harm     .    (no cloak)
rCorr   .          Rampage  .    c - +0 pair of gloves
Will    .....                    (boots unavailable)
Stlth   +.........               f - amulet "Mauproenn" {RegenMP rN+}
HPRegen 1.09/turn                (no ring)
MPRegen 0.00/turn                (no ring)

@: flying
A: sickness immunity, fire resistance 2, cold vulnerability 1, float, innate
caster, HP casting, extra vitality 1
a: Renounce Religion


You were on level 7 of the Dungeon.
You worshipped Makhleb.
Makhleb was noncommittal.
You visited 2 branches of the dungeon, and saw 8 of its levels.
You also visited: Sewer.

You collected 307 gold pieces.

Inventory:

Hand Weapons
 i - a +0 dagger of venom (weapon)
Armour
 c - a +0 pair of gloves (worn)
 n - a +1 troll leather armour (worn)
Jewellery
 f - the amulet "Mauproenn" (around neck) {RegenMP rN+}
   (You found it in a sewer)

   [amulet of magic regeneration]

   It increases your rate of magic regeneration.
   rN:        It protects you from negative energy.
 p - a ring of ice
Wands
 g - a wand of roots (15)
 u - a wand of flame (12)
Scrolls
 d - a scroll of identify
 k - 4 scrolls of teleportation
 r - a scroll of blinking
 s - a scroll of butterflies {unknown}
 t - a scroll of poison
Potions
 a - 2 potions of brilliance {unknown}
 b - 7 potions of flight
 e - a potion of curing
 h - 2 potions of mutation
 j - 2 potions of attraction
 l - a potion of cancellation
 m - 3 potions of might {unknown}
 o - 3 potions of lignification
 q - a potion of heal wounds {unknown}


   Skills:
 + Level 2.4 Fighting
 - Level 2.1 Dodging
 - Level 1.5 Stealth
 - Level 10.0 Spellcasting


You had 6 spell levels left.
You knew the following spells:

 Your Spells              Type           Power      Damage    Failure   Level
a - Magic Dart            Conj           100%       1d8       1%          1
b - Searing Ray           Conj           100%       2d8       1%          2
c - Dazzling Flash        Conj/Hex       100%       N/A       1%          3
d - Fulminant Prism       Conj/Hex       28%        3d14      1%          4
e - Iskenderun's Mystic   Conj/Tloc      57%        2d12      1%          4
f - Sting                 Tmut/Pois      100%       1d8       1%          1
g - Wereblood             Tmut           57%        N/A       1%          2
h - Momentum Strike       Conj/Tloc      100%       3d10      1%          2
i - Ignite Poison         Fire/Tmut/Pois 57%        N/A       1%          3
Your spell library was empty.

Dungeon Overview and Level Annotations

Branches:
Dungeon (7/15)             Temple (1/1) D:6           Sewer (visited)

Altars:
Ashenzari
Dithmenos
Elyvilon
Fedhas
Gozag
Hepliaklqana
Makhleb
Nemelex Xobeh
Okawaru
Qazlal
Ru
Trog
Wu Jian
Xom
Yredelemnul
Zin
The Shining One

Shops:
D:3 *

Annotations:
D:3 Natasha


Innate Abilities, Weirdness & Mutations

You are immune to sickness and miasma.
You are immune to poison.
Your flesh is very heat resistant. (rF++)
You are vulnerable to cold. (rC-)
You float through the air rather than walking.
You learn spells naturally, not from books.
Your magical power is your life essence.
You have superior vitality. (+4 MHP)


Message History

The killer bee closely misses you. The killer bee barely misses you.
Unknown command.
Casting: Magic Dart (safe; 1% risk of failure)
Confirm with . or Enter, or press ? or * to list all spells.
Aiming: Magic Dart (safe; 1% risk of failure)
Press: ? - help, Shift-Dir - straight line, f - killer bee
Aim: a killer bee (100% to hit)
The magic dart hits the killer bee.
The killer bee is lightly wounded.
The killer bee stings you!
* * * LOW HITPOINT WARNING * * *
The killer bee closely misses you. The killer bee stings you.
* * * LOW HITPOINT WARNING * * *
The killer bee stings you.
* * * LOW HITPOINT WARNING * * *
Unknown command.
Casting: Magic Dart (safe; 1% risk of failure)
Confirm with . or Enter, or press ? or * to list all spells.
Aiming: Magic Dart (safe; 1% risk of failure)
Press: ? - help, Shift-Dir - straight line, f/p - killer bee
Aim: a killer bee (lightly wounded, 100% to hit)
The magic dart hits the killer bee!
The killer bee is severely wounded.
* * * LOW HITPOINT WARNING * * *
The killer bee barely misses you. x2
The killer bee stings you but does no damage.
The killer bee barely misses you.
Casting: Magic Dart (safe; 1% risk of failure)
Confirm with . or Enter, or press ? or * to list all spells.
Aiming: Magic Dart (safe; 1% risk of failure)
Press: ? - help, Shift-Dir - straight line, f/p - killer bee
Aim: a killer bee (severely wounded, 100% to hit)
The magic dart hits the killer bee!
You kill the killer bee!
Makhleb accepts your kill.
* * * LOW HITPOINT WARNING * * *
The killer bee stings you.
* * * LOW HITPOINT WARNING * * *
The killer bee stings you.
You die...

.....# ....#
#...####+#
#........#
#........#
#........#
+.†y##...#
#..@##...#
###........#
.............#
.............#
...........<.#
##############


You could see a killer bee.

Vanquished Creatures
  Sigmund (D:4)
  A yak (D:5)
  An acid dragon (D:5)
  An orc warrior (D:6)
  An ice beast (D:6)
  A black bear (D:5)
  2 ogres (D:5)
  2 phantoms
  Blork the orc (D:4)
  A gnoll sergeant (D:5)
  2 necrophages (D:6)
  A scorpion (D:5)
  5 killer bees (D:7)
  2 hounds (D:5)
  2 jellies
  2 gnoll boudas
  4 orc priests
  Natasha (twice) (D:3)
  2 iguanas
  A merfolk siren (Sewer)
  4 orc wizards (D:6)
  A merfolk avatar (Sewer)
  13 gnolls
  5 river rats
  10 adders
  An ufetubus (D:5)
  2 worms
  3 dart slugs
  24 orcs
  7 bats
  9 endoplasms
  15 giant cockroaches
  8 goblins
  9 hobgoblins
  5 jackals (D:4)
  7 kobolds
  6 quokkas
  12 ball pythons
  6 frilled lizards
  30 rats
212 creatures vanquished.

Vanquished Creatures (others)
  An orc wizard (D:4)
1 creature vanquished.

Grand Total: 213 creatures vanquished

Notes
Turn   | Place    | Note
-------+----------+-------------------------------------------
     0 | D:1      | Maxmaps the Djinni Conjurer began the quest for the Orb.
     0 | D:1      | Maxmaps set off with the following spells memorised: Magic
                  | Dart, Searing Ray, Dazzling Flash, Fulminant Prism,
                  | Iskenderun's Mystic Blast.
     0 | D:1      | Reached XP level 1. HP: 15/15 MP: 0/0
   124 | D:1      | Reached XP level 2. HP: 17/21 MP: 0/0
   368 | D:1      | Reached XP level 3. HP: 24/25 MP: 0/0
   368 | D:1      | Learned a level 1 spell: Sting
   437 | D:1      | Reached skill level 4 in Spellcasting
   975 | D:2      | Found a faded altar of an unknown god.
   986 | D:2      | Reached XP level 4. HP: 10/31 MP: 0/0
  1750 | D:3      | Reached XP level 5. HP: 34/35 MP: 0/0
  1750 | D:3      | Learned a level 2 spell: Wereblood
  1835 | D:3      | Noticed Natasha
  1842 | D:3      | Killed Natasha
  1843 | D:3      | Reached skill level 5 in Spellcasting
  2136 | D:3      | Noticed Natasha
  2139 | D:3      | Killed Natasha
  2140 | D:3      | Reached XP level 6. HP: 40/40 MP: 0/0
  2176 | D:3      | Found Zautuqet's Assorted Antiques.
  2607 | D:3      | Noticed Natasha
  2886 | D:4      | Reached skill level 6 in Spellcasting
  2901 | D:4      | Reached XP level 7. HP: 23/45 MP: 0/0
  2901 | D:4      | Learned a level 2 spell: Momentum Strike
  3022 | D:4      | Noticed Blork the orc
  3027 | D:4      | Noticed Sigmund
  3030 | D:4      | Killed Blork the orc
  3056 | D:4      | Killed Sigmund
  3342 | D:4      | Reached skill level 7 in Spellcasting
  3694 | D:5      | Entered Level 5 of the Dungeon
  3705 | D:5      | Reached XP level 8. HP: 41/50 MP: 0/0
  3886 | D:5      | Reached skill level 8 in Spellcasting
  4046 | D:5      | Noticed a yak
  4109 | D:5      | Found a glowing drain.
  4122 | Sewer    | Entered a sewer
  4730 | Sewer    | Identified the amulet "Mauproenn" {RegenMP rN+}
  5036 | D:5      | Reached XP level 9. HP: 53/55 MP: 0/0
  5036 | D:5      | Learned a level 3 spell: Ignite Poison
  5062 | D:5      | Reached skill level 9 in Spellcasting
  5739 | D:6      | Found a staircase to the Ecumenical Temple.
  5845 | Temple   | Entered the Ecumenical Temple
  6049 | Temple   | Became a worshipper of Makhleb the Destroyer
  6113 | D:6      | Found a sparkling altar of Nemelex Xobeh.
  6117 | D:6      | Found an iron altar of Okawaru.
  6130 | D:6      | Found a shimmering altar of Xom.
  6133 | D:6      | Found a blossoming altar of Fedhas.
  6353 | D:6      | Reached skill level 10 in Spellcasting
  6725 | D:7      | Reached skill level 1 in Fighting
  6739 | D:7      | Slain by a killer bee

Illustrated notes

Levels and vault maps discovered:
D:1:      dpeg_chamrin_arrival_tetris, layout_basic
D:2:      layout_basic, nicolae_ecumenical_snake_handling
D:3:      layout_loops_cross, serial_shops, shop,
          amcnicky_mini_corridor_feature, st_stairs_7,
          nicolae_concentric_dashed_squares_wild, uniq_natasha
D:4:      minmay_wonky_spiral, layout_loops_corners, grunt_ministairs_1,
          uniq_blork_the_orc, uniq_sigmund
D:5:      wad_river_or_something, layout_basic, portal_sewer_entry_b
D:6:      layout_gridville, minmay_overflow_temple_star_hex, temple_hall
D:7:      layout_gridville, nicolae_uskayaw_dance_studio, kennysheep_mini_moat,
          serial_shops, nicolae_square_shop
Temple:   bh_familiar_temple

Skill      XL: |  1  2  3  4  5  6  7  8  9 |
---------------+----------------------------+-----
Spellcasting   | 4 5 6 7 8 10 | 10.0
Fighting       | 2 |  2.4
Dodging        | |  2.1
Stealth        | |  1.5

Action                   |  1- 3 |  4- 6 |  7- 9 || total
-------------------------+-------+-------+-------++-------
Melee: Dagger            |       |    17 |   118 ||   135
       Punch             |       |     1 |     1 ||     2
 Cast: Magic Dart        |    87 |   113 |   254 ||   454
       Searing Ray       |       |     5 |     9 ||    14
       Momentum Strike   |       |       |     1 ||     1
       Sting             |       |       |    15 ||    15
       Ignite Poison     |       |       |     3 ||     3
  Use: Scroll            |       |    10 |     6 ||    16
Armor: Robe              |     4 |     1 |       ||     5
       Leather armour    |       |     2 |       ||     2
       Troll leather arm |       |    12 |    90 ||   102
Dodge: Dodged            |     7 |    30 |   160 ||   197

Table legend: (Time is in decaauts)
 A = Elapsed time spent in this place.
 B = Non-inter-level travel time spent in this place.
 C = Inter-level travel time spent in this place.
 D = Time resting spent in this place.
 E = Time spent auto-exploring this place.
 F = Levels seen in this place.
 G = Mean time per level.
                   A        B        C        D        E       F      G
               +--------+--------+--------+--------+--------+-----+--------+
         Total |   6736 |   6490 |    246 |    689 |   4540 |   9 |  748.4 |
       Dungeon |   5725 |   5493 |    232 |    345 |   4096 |   7 |  817.9 |
        Temple |    217 |    204 |     13 |      0 |    166 |   1 |  217.0 |
         Sewer |    793 |    793 |      0 |    344 |    278 |   1 |  793.0 |
               +--------+--------+--------+--------+--------+-----+--------+

Top non-repeatable levels by time:
     D:6: 1113 daAuts
     D:4: 1085 daAuts
     D:2: 979 daAuts
     D:3: 935 daAuts
     D:5: 895 daAuts
   Sewer: 793 daAuts
     D:1: 692 daAuts
  Temple: 217 daAuts
     D:7: 23 daAuts
